 Dungeon Crawl Stone Soup version 0.27-a0-836-gfc908b8576 (webtiles) character file.

Game seed: 16112121731492066240

44 sizableburger the Ruffian (level 3, 0/36 HPs)
             Began as an Ogre Transmuter on Mar 31, 2021.
             Succumbed to an adder's poison
             ... on level 2 of the Dungeon.
             The game lasted 00:02:07 (1773 turns).

sizableburger the Ruffian (Ogre Transmuter)         Turns: 1773, Time: 00:02:07

Health: 0/36       AC:  3    Str: 14    XL:     3   Next: 62%
Magic:  5/6        EV:  9    Int: 15    God:
Gold:   66         SH:  0    Dex:  9    Spells: 3/6 levels left

rFire    . . .     SeeInvis .     - Unarmed
rCold    . . .     Faith    .   (no shield)
rNeg     . . .     Spirit   .   a - +0 robe
rPois    .         Reflect  .   (helmet restricted)
rElec    .         Harm     .   (no cloak)
rCorr    .         Rampage  .   (gloves unavailable)
Will     .....                  (boots unavailable)
Stlth    +.........             (no amulet)
HPRegen  0.12/turn              (no ring)
MPRegen  0.10/turn              (no ring)

@: lethally poisoned (0 -> -6), wereblooded (expiring)
A: large, unfitting armour, tough skin 1
a: no special abilities


You were on level 2 of the Dungeon.
You visited 1 branch of the dungeon, and saw 2 of its levels.

You collected 66 gold pieces.

Inventory:

Armour
 a - a +0 robe (worn)
Scrolls
 b - a scroll of acquirement {unknown}
 c - a scroll of blinking {unknown}


   Skills:
 + Level 2.8 Fighting
 - Level 1.7 Dodging
 + Level 3.2 Unarmed Combat
 - Level 2.4 Spellcasting
 + Level 2.4 Transmutations


You had 3 spell levels left.
You knew the following spells:

 Your Spells              Type           Power      Damage    Failure   Level
a - Beastly Appendage     Tmut           18%        N/A       8%          1
b - Wereblood             Tmut           9%         N/A       12%         2

Your spell library contained the following spells:

 Spells                   Type           Power      Damage    Failure   Level
 Spider Form              Tmut/Pois      2%         N/A       36%         3
 Ice Form                 Ice/Tmut       5%         N/A       77%         4
 Hydra Form               Tmut           4%         N/A       91%         5


Dungeon Overview and Level Annotations

Branches:
Dungeon (2/15)

Altars:


Innate Abilities, Weirdness & Mutations

You are too large for most types of armour.
You have tough skin. (AC +1)


Message History

You aren't carrying any potions.
Unknown command.
You miss the adder.
The adder is severely wounded.
You feel sick. The adder closely misses you.
You hit the adder.
The adder is almost dead.
You feel sick. The adder closely misses you.
You closely miss the adder.
The adder is almost dead.
Your primal bloodlust is almost over.
You feel sick.
You are no longer poisoned.
The adder bites you.
* * * LOW HITPOINT WARNING * * *
The adder misses you.
You barely miss the adder.
The adder is almost dead.
The adder bites you but does no damage.
Unknown command.
You barely miss the adder.
The adder is almost dead.
The adder bites you.
* * * LOW HITPOINT WARNING * * *
You are lethally poisoned!
The adder poisons you!
Unknown command.
You completely miss the adder.
The adder is almost dead.
* * * LOW HITPOINT WARNING * * *
You feel sick. The adder barely misses you. x2
Unknown command.
You barely miss the adder.
The adder is almost dead.
You howl as the wereblood boils in your veins!
* * * LOW HITPOINT WARNING * * *
You feel sick. The adder bites you but does no damage.
You hit the adder.
You kill the adder!
You die...

###..... .#.
##....#.#
##.#.#.#....#..<##
................).
...........######
#### ..#.......
....! #.#...## #
#....##(.....# ..###
#..†@...# #.)..
#...###..## ####.
... ###..# #.
######....# ##
.....(...###########
#
....<..............#
........#..........#
........#..........#
.#......#..........#


There were no monsters in sight!

Vanquished Creatures
  An adder (D:2)
  A dart slug (D:1)
  8 endoplasms
  A giant cockroach (D:1)
  A goblin (D:1)
  4 hobgoblins (D:1)
  6 jackals
  2 kobolds (D:1)
  3 quokkas
  4 ball pythons (D:1)
  A bat (D:1)
  2 frilled lizards
  3 rats (D:1)
37 creatures vanquished.

Notes
Turn   | Place    | Note
-------+----------+-------------------------------------------
     0 | D:1      | sizableburger the Ogre Transmuter began the quest for the
                  | Orb.
     0 | D:1      | Reached XP level 1. HP: 19/19 MP: 3/3
   228 | D:1      | Reached XP level 2. HP: 18/28 MP: 5/5
   569 | D:1      | Learned a level 2 spell: Wereblood
   586 | D:1      | Reached skill level 3 in Unarmed Combat
   979 | D:1      | Reached XP level 3. HP: 27/36 MP: 4/6
  1771 | D:2      | HP: 1/36 [poisoned by an adder]
  1773 | D:2      | Succumbed to an adder's poison

Illustrated notes

Levels and vault maps discovered:
D:1:      dpeg_arrival_tiny_a, layout_basic, hex_medium, minmay_misc_feat_tower,
          serial_park_tiny_2
D:2:      layout_rooms, minmay_tiny_reverse_x

Skill      XL: |  1  2 |
---------------+-------+-----
Transmutations | 2 |  2.4
Fighting       | 2 |  2.8
Unarmed Combat | 3 |  3.2
Dodging        | |  1.7
Spellcasting   | |  2.4

Action                   || total
-------------------------++-------
Melee: Unarmed           ||   123
       Kick              ||    17
       Headbutt          ||     5
       Punch             ||     2
 Cast: Beastly Appendage ||    16
       Wereblood         ||     1
 Stab: Sleeping          ||     1
Armor: Robe              ||    35
Dodge: Dodged            ||    59

Table legend: (Time is in decaauts)
 A = Elapsed time spent in this place.
 B = Non-inter-level travel time spent in this place.
 C = Inter-level travel time spent in this place.
 D = Time resting spent in this place.
 E = Time spent auto-exploring this place.
 F = Levels seen in this place.
 G = Mean time per level.
                   A        B        C        D        E       F      G
               +--------+--------+--------+--------+--------+-----+--------+
         Total |   1765 |   1727 |     38 |    305 |   1198 |   2 |  882.5 |
       Dungeon |   1765 |   1727 |     38 |    305 |   1198 |   2 |  882.5 |
               +--------+--------+--------+--------+--------+-----+--------+

Top non-repeatable levels by time:
     D:1: 1604 daAuts
     D:2: 161 daAuts
